VEGAS vs SAN JOSE

Created - February-02-21 at 11:48

Goals
1 2 3 T
VEGAS 2 1 0 3
SAN JOSE 0 1 0 1
Shots
1 2 3 T
VEGAS 12 12 8 32
SAN JOSE 9 11 12 32

1st period

1. VEGAS , Brock Nelson 12 (Sam Reinhart 13, Oliver Bjorkstrand 10) at 3:57 (PP)
2. VEGAS , Brock Nelson 13 (Jack Johnson 10, Oliver Bjorkstrand 11) at 14:23

Penalties :
Brian Boyle (SJ ) for Roughing (Minor) at 2:37, Brian Boyle (SJ ) for Holding (Minor) at 14:24

2nd period

3. SAN JOSE , Kevin Hayes 10 (MacKenzie Weegar 3, Chris Kreider 7) at 0:33
4. VEGAS , Michael Grabner 4 (Nikita Zadorov 5, Nick Holden 11) at 19:13 (PP)

Penalties :
Josh Anderson (VGK) for Holding (Minor) at 1:45, Nikita Zadorov (VGK) for Tripping (Minor) at 4:28, David Savard (SJ ) for High sticking (Double Minor) at 15:51, Oliver Bjorkstrand (VGK) for Interference (Minor) at 15:51

3rd period

No Goal

Penalties :
Cody Ceci (SJ ) for Hooking (Minor) at 9:27

Goalie Stats

Braden Holtby (VGK), 31 saves from 32 shots - (0.969), W, 10-6-1, 60:00 minutes
Jake Allen (SJ ), 29 saves from 32 shots - (0.906), L, 7-9-1, 60:00 minutes

Players Stats for VEGAS

Player Name              G  A  P  +/- PIM S  H  SB GA TA FO     MP     PP MP  PK MP  
------------------------------------------------------------------------------------
Alexander Kerfoot        0  0  0   0  0   2  1  0  0  0  4/10   12:26   0:09   0:00 
Brent Seabrook           0  0  0   1  0   0  0  1  0  0  0/0    23:51   3:01   2:06 
Brock Nelson             2  0  2   0  0   8  2  0  0  0  21/32  21:34   3:41   2:13 
Devon Toews              0  0  0   0  0   2  0  3  0  0  0/0    15:27   0:00   0:00 
Jack Johnson             0  1  1   1  0   2  1  3  0  0  0/0    23:51   3:01   2:06 
Jayce Hawryluk           0  0  0   0  0   0  0  0  0  0  1/1     6:23   0:00   0:00 
Josh Anderson            0  0  0   0  2   0  3  0  0  0  0/0    17:07   3:00   0:00 
Kyle Turris              0  0  0   0  0   2  0  0  0  0  11/24  19:12   2:51   1:20 
Matt Luff                0  0  0   0  0   1  0  0  0  0  0/1     0:53   0:00   0:00 
Max Comtois              0  0  0   0  0   2  2  0  0  0  0/0    12:42   0:00   0:25 
Michael Grabner          1  0  1   0  0   5  0  0  0  0  0/0    17:08   3:00   0:00 
Mikhail Grigorenko       0  0  0   0  0   0  0  0  0  0  0/2     6:23   0:00   0:00 
Nick Holden              0  1  1  -1  0   1  0  1  0  0  0/0    20:42   3:40   1:52 
Nikita Zadorov           0  1  1  -1  2   0  3  1  0  0  0/0    20:27   3:40   0:50 
Oliver Bjorkstrand       0  2  2   0  2   3  0  0  0  0  1/2    19:34   3:41   1:20 
Sam Reinhart             0  1  1   0  0   3  1  0  0  0  1/1    21:59   3:41   2:38 
Slater Koekkoek          0  0  0   0  0   0  1  1  0  0  0/0    15:41   0:00   1:02 
Troy Terry               0  0  0   0  0   0  0  0  0  0  0/0    12:17   0:00   0:00 
Victor Rask              0  0  0   0  0   1  0  0  0  0  5/9     6:23   0:00   0:00 

Players Stats for SAN JOSE

Player Name              G  A  P  +/- PIM S  H  SB GA TA FO     MP     PP MP  PK MP  
------------------------------------------------------------------------------------
Brian Boyle              0  0  0   0  4   3  0  0  0  0  0/0    12:17   0:00   0:29 
Chris Kreider            0  1  1   0  0   1  4  0  0  0  7/11   22:25   1:30   2:46 
Cody Ceci                0  0  0  -1  2   2  2  2  0  0  0/0    21:17   2:28   2:54 
Corey Perry              0  0  0   0  0   2  0  0  0  0  0/0     4:38   0:00   0:00 
Danny DeKeyser           0  0  0  -1  0   1  3  3  0  0  0/0    17:57   2:28   3:06 
David Savard             0  0  0   0  4   3  5  2  0  0  0/0    22:02   1:30   1:06 
Dustin Brown             0  0  0   0  0   2  0  0  0  0  1/4    20:44   1:30   2:06 
Jakob Silfverberg        0  0  0   0  0   3  2  0  0  0  0/1    18:58   2:28   1:46 
Jesper Fast              0  0  0   0  0   2  0  0  0  0  0/0    11:50   0:00   0:00 
Jon Merrill              0  0  0   1  0   0  0  4  0  0  0/0    16:28   0:00   2:41 
Jordan Weal              0  0  0   0  0   1  0  0  0  0  1/6     5:18   0:00   0:40 
Kevin Hayes              1  0  1   0  0   3  0  1  0  0  11/23  22:25   1:30   2:46 
MacKenzie Weegar         0  1  1   1  0   1  2  1  0  0  0/0    18:12   0:00   1:46 
Paul Stastny             0  0  0   0  0   4  0  0  0  0  8/15   17:29   2:28   0:46 
Rickard Rakell           0  0  0   0  0   1  3  0  0  0  2/3    16:43   2:28   0:00 
Ryan Carpenter           0  0  0   0  0   1  1  0  0  0  0/0     4:38   0:00   0:00 
Ryan Dzingel             0  0  0   0  0   2  0  1  0  0  8/19   13:53   0:00   2:03 
Ryan Pulock              0  0  0   0  0   0  1  0  0  0  0/0    24:02   1:30   1:49 

3 Stars

1 - Brock Nelson (VGK)
2 - Braden Holtby (VGK)
3 - Jack Johnson (VGK)

Power Play

VEGAS - 2 on 4 Attempt(s) - 50.00%
SAN JOSE - 0 on 2 Attempt(s) - 0.00%

Penalty Kill

VEGAS - 2 on 2 Attempt(s) - 100.00% - Score 0 goal in Penalty Kill
SAN JOSE - 2 on 4 Attempt(s) - 50.00% - Score 0 goal in Penalty Kill

Team Stat

VEGAS - Hits : 14 - Faceoff Wins : 44 - Blocked Shots : 10 - Penalty Minutes : 6
SAN JOSE - Hits : 23 - Faceoff Wins : 38 - Blocked Shots : 14 - Penalty Minutes : 10

Official

Referees : Justin Kea and Mitch Dunning
Linesman : Kyle Allen and Tony Sericolo

Game Notes

Danny DeKeyser is injured at 10:07 of 3rd period (Bruised Left Arm)

Finance

Level 1 -- Attendance: 4459 (74.32%) -- Ticket Income $445,900
Level 2 -- Attendance: 3563 (71.26%) -- Ticket Income $213,780
Level 3 -- Attendance: 1765 (88.25%) -- Ticket Income $61,775
Level 4 -- Attendance: 3963 (99.08%) -- Ticket Income $79,260
Luxury Box -- Attendance: 693 (69.30%) -- Ticket Income $138,600
Game was played at the SAP Center.
Total Attendance: 14443 (80.24%)
Total Ticket Income: $939,315
Total Income: $939,315

VEGAS

5 vs 5 Forward 
   Center                   Left Wing                Right Wing               Time % Phy DF OF 
 1 Brock Nelson             Oliver Bjorkstrand       Sam Reinhart             35     1   2  2  
 2 Kyle Turris              Josh Anderson            Michael Grabner          30     1   2  2  
 3 Alexander Kerfoot        Max Comtois              Troy Terry               25     1   2  2  
 4 Victor Rask              Mikhail Grigorenko       Jayce Hawryluk           10     1   2  2  

5 vs 5 Defense 
   Defense                  Defense                                           Time % Phy DF OF 
 1 Brent Seabrook           Jack Johnson                                      35     1   2  2  
 2 Nick Holden              Nikita Zadorov                                    30     1   2  2  
 3 Devon Toews              Slater Koekkoek                                   25     1   2  2  
 4 Brent Seabrook           Jack Johnson                                      10     1   2  2  

PowerPlay Forward 
   Center                   Left Wing                Right Wing               Time % Phy DF OF 
 1 Brock Nelson             Oliver Bjorkstrand       Sam Reinhart             60     1   2  2  
 2 Kyle Turris              Josh Anderson            Michael Grabner          40     1   2  2  

PowerPlay Defense
   Defense                  Defense                                           Time % Phy DF OF 
 1 Brent Seabrook           Jack Johnson                                      60     1   2  2  
 2 Nick Holden              Nikita Zadorov                                    40     1   2  2  

Penalty Kill 4 Players Forward 
   Center                   Wing                     Time % Phy DF OF 
 1 Brock Nelson             Sam Reinhart             60     1   2  2  
 2 Oliver Bjorkstrand       Kyle Turris              40     1   2  2  

Penalty Kill 4 Players Defense
   Defense                  Defense                  Time % Phy DF OF 
 1 Brent Seabrook           Jack Johnson             60     1   2  2  
 2 Nick Holden              Nikita Zadorov           40     1   2  2  

Penalty Kill - 3 Players Forward 
   Forward                                           Time % Phy DF OF 
 1 Brock Nelson                                      60     1   2  2  
 2 Sam Reinhart                                      40     1   2  2  

Penalty Kill - 3 Players Defense
   Defense                  Defense                  Time % Phy DF OF 
 1 Brent Seabrook           Jack Johnson             60     1   2  2  
 2 Nick Holden              Nikita Zadorov           40     1   2  2  

4 vs 4 Forward 
   Center                   Wing                     Time % Phy DF OF 
 1 Brock Nelson             Sam Reinhart             60     1   2  2  
 2 Oliver Bjorkstrand       Kyle Turris              40     1   2  2  

4 vs 4 Defense
   Defense                  Defense                  Time % Phy DF OF 
 1 Brent Seabrook           Jack Johnson             60     1   2  2  
 2 Nick Holden              Nikita Zadorov           40     1   2  2  

Last Minutes Offensive
   Center                   Left Wing                Right Wing               Defense                  Defense                  
   Brock Nelson             Oliver Bjorkstrand       Sam Reinhart             Brent Seabrook           Jack Johnson             

Last Minutes Defensive
   Center                   Left Wing                Right Wing               Defense                  Defense                  
   Brock Nelson             Oliver Bjorkstrand       Sam Reinhart             Brent Seabrook           Jack Johnson             

Goaltenders
Starting : Braden Holtby            
Backup : Tristan Jarry            

Extra Forwards
Normal : Matt Luff, Alexander Kerfoot, Max Comtois - PP : Matt Luff, Alexander Kerfoot - PK : Max Comtois
Extra Defensemen
Normal : Devon Toews, Slater Koekkoek, Nick Holden - PP : Devon Toews - PK : Slater Koekkoek, Nick Holden
Penalty Shots
Brock Nelson, Sam Reinhart, Oliver Bjorkstrand, Kyle Turris, Josh Anderson

Scratches
Daniel Sprong (Healthy), VGK Cap Hit (Suspend)

SAN JOSE

5 vs 5 Forward 
   Center                   Left Wing                Right Wing               Time % Phy DF OF 
 1 Kevin Hayes              Chris Kreider            Dustin Brown             35     1   2  2  
 2 Paul Stastny             Rickard Rakell           Jakob Silfverberg        30     1   2  2  
 3 Ryan Dzingel             Brian Boyle              Jesper Fast              25     1   2  2  
 4 Jordan Weal              Ryan Carpenter           Corey Perry              10     1   2  2  

5 vs 5 Defense 
   Defense                  Defense                                           Time % Phy DF OF 
 1 Ryan Pulock              David Savard                                      35     1   2  2  
 2 Cody Ceci                Danny DeKeyser                                    30     1   2  2  
 3 MacKenzie Weegar         Jon Merrill                                       25     1   2  2  
 4 Ryan Pulock              David Savard                                      10     1   2  2  

PowerPlay Forward 
   Center                   Left Wing                Right Wing               Time % Phy DF OF 
 1 Kevin Hayes              Chris Kreider            Dustin Brown             60     1   2  2  
 2 Paul Stastny             Rickard Rakell           Jakob Silfverberg        40     1   2  2  

PowerPlay Defense
   Defense                  Defense                                           Time % Phy DF OF 
 1 Ryan Pulock              David Savard                                      60     1   2  2  
 2 Cody Ceci                Danny DeKeyser                                    40     1   2  2  

Penalty Kill 4 Players Forward 
   Center                   Wing                     Time % Phy DF OF 
 1 Chris Kreider            Kevin Hayes              60     1   2  2  
 2 Dustin Brown             Jakob Silfverberg        40     1   2  2  

Penalty Kill 4 Players Defense
   Defense                  Defense                  Time % Phy DF OF 
 1 Ryan Pulock              David Savard             60     1   2  2  
 2 Cody Ceci                Danny DeKeyser           40     1   2  2  

Penalty Kill - 3 Players Forward 
   Forward                                           Time % Phy DF OF 
 1 Chris Kreider                                     60     1   2  2  
 2 Kevin Hayes                                       40     1   2  2  

Penalty Kill - 3 Players Defense
   Defense                  Defense                  Time % Phy DF OF 
 1 Ryan Pulock              David Savard             60     1   2  2  
 2 Cody Ceci                Danny DeKeyser           40     1   2  2  

4 vs 4 Forward 
   Center                   Wing                     Time % Phy DF OF 
 1 Chris Kreider            Kevin Hayes              60     1   2  2  
 2 Dustin Brown             Jakob Silfverberg        40     1   2  2  

4 vs 4 Defense
   Defense                  Defense                  Time % Phy DF OF 
 1 Ryan Pulock              David Savard             60     1   2  2  
 2 Cody Ceci                Danny DeKeyser           40     1   2  2  

Last Minutes Offensive
   Center                   Left Wing                Right Wing               Defense                  Defense                  
   Kevin Hayes              Chris Kreider            Dustin Brown             Ryan Pulock              David Savard             

Last Minutes Defensive
   Center                   Left Wing                Right Wing               Defense                  Defense                  
   Kevin Hayes              Chris Kreider            Dustin Brown             Ryan Pulock              David Savard             

Goaltenders
Starting : Jake Allen               
Backup : Edward Pasquale          

Extra Forwards
Normal : Jesper Fast, Brian Boyle, Ryan Dzingel - PP : Jesper Fast, Brian Boyle - PK : Ryan Dzingel
Extra Defensemen
Normal : MacKenzie Weegar, Jon Merrill, Cody Ceci - PP : MacKenzie Weegar - PK : Jon Merrill, Cody Ceci
Penalty Shots
Chris Kreider, Kevin Hayes, Dustin Brown, Jakob Silfverberg, Rickard Rakell

Scratches
Braydon Coburn (Healthy), SJ Cap Hit (Suspend), Stefan Noesen (Healthy), Kyle Clifford (Healthy)

% Time on Ice - VEGAS

Lines # - Real PCT - Wanted PCT - Time Play
Normal Forward
1 - 31% - 35% - 14:34
2 - 30% - 30% - 14:08
3 - 26% - 25% - 12:17
4 - 13% - 10% - 6:23
Normal Defense
1 - 34% - 35% - 16:04
2 - 32% - 30% - 15:05
3 - 31% - 25% - 14:39
4 - 3% - 10% - 1:34
PP Forward
1 - 55% - 60% - 3:41
2 - 45% - 40% - 3:00
PP Defense
1 - 45% - 60% - 3:01
2 - 55% - 40% - 3:40
PK Forward
1 - 66% - 60% - 2:38
2 - 34% - 40% - 1:20
PK Defense
1 - 53% - 60% - 2:06
2 - 47% - 40% - 1:52
PK3 Forward
1 - 0% - 60%
2 - 0% - 40%
PK3 Defense
1 - 0% - 60%
2 - 0% - 40%
44 Forward
1 - 55% - 60% - 1:06
2 - 45% - 40% - 0:53
44 Defense
1 - 55% - 60% - 1:06
2 - 45% - 40% - 0:53
Last Minute Offensive  - 0:00
Last Minute Defensive  - 0:00
Total
Forward - 60:00
Defense - 60:00

% Time on Ice - SAN JOSE

Lines # - Real PCT - Wanted PCT - Time Play
Normal Forward
1 - 35% - 35% - 16:39
2 - 30% - 30% - 14:15
3 - 25% - 25% - 11:50
4 - 10% - 10% - 4:38
Normal Defense
1 - 35% - 35% - 16:44
2 - 35% - 30% - 16:27
3 - 26% - 25% - 12:05
4 - 4% - 10% - 2:06
PP Forward
1 - 38% - 60% - 1:30
2 - 62% - 40% - 2:28
PP Defense
1 - 38% - 60% - 1:30
2 - 62% - 40% - 2:28
PK Forward
1 - 74% - 60% - 4:55
2 - 26% - 40% - 1:46
PK Defense
1 - 38% - 60% - 2:31
2 - 62% - 40% - 4:10
PK3 Forward
1 - 0% - 60%
2 - 0% - 40%
PK3 Defense
1 - 0% - 60%
2 - 0% - 40%
44 Forward
1 - 76% - 60% - 1:30
2 - 24% - 40% - 0:29
44 Defense
1 - 66% - 60% - 1:18
2 - 34% - 40% - 0:41
Last Minute Offensive  - 0:00
Last Minute Defensive  - 0:00
Total
Forward - 60:00
Defense - 60:00

Play-by-Play

1st period


0:01 of 1st period - Brock Nelson wins face-off versus Kevin Hayes in neutral zone.
0:01 of 1st period - Brock Nelson is hit by Chris Kreider.
0:41 of 1st period - Shot by David Savard.
0:41 of 1st period - Shot Blocked by Jack Johnson.
0:50 of 1st period - Brock Nelson is hit by Chris Kreider and loses puck.
0:57 of 1st period - David Savard is hit by Sam Reinhart and loses puck.
1:17 of 1st period - Chris Kreider is hit by Josh Anderson and loses puck.
1:35 of 1st period - Josh Anderson is hit by David Savard and loses puck.
1:41 of 1st period - Michael Grabner is hit by Ryan Pulock and loses puck.
2:16 of 1st period - Shot by Rickard Rakell.
2:16 of 1st period - Stopped by Braden Holtby with a rebound.
2:18 of 1st period - Shot by Danny DeKeyser.
2:18 of 1st period - Stopped by Braden Holtby without a rebound.
2:19 of 1st period - Ryan Dzingel wins face-off versus Victor Rask in VEGAS zone.
2:37 of 1st period - Minor Penalty to Brian Boyle for Roughing.
2:38 of 1st period - Brock Nelson wins face-off versus Ryan Dzingel in SAN JOSE zone.
2:41 of 1st period - Shot by Sam Reinhart.
2:41 of 1st period - Shot Misses the Net.
2:43 of 1st period - Shot by Brock Nelson.
2:43 of 1st period - Shot Misses the Net.
2:45 of 1st period - Shot by Oliver Bjorkstrand.
2:45 of 1st period - Stopped by Jake Allen without a rebound.
2:46 of 1st period - Kyle Turris wins face-off versus Ryan Dzingel in SAN JOSE zone.
3:03 of 1st period - Shot by Michael Grabner.
3:03 of 1st period - Shot Blocked by Danny DeKeyser.
3:05 of 1st period - Shot by Nick Holden.
3:05 of 1st period - Shot Misses the Net.
3:16 of 1st period - Kyle Turris is hit by Danny DeKeyser and loses puck.
3:57 of 1st period - Shot by Brock Nelson.
3:57 of 1st period - Goal by Brock Nelson - VEGAS : 1 - SAN JOSE : 0.
3:58 of 1st period - Alexander Kerfoot wins face-off versus Jordan Weal in neutral zone.
4:16 of 1st period - Corey Perry is hit by Slater Koekkoek and loses puck.
4:26 of 1st period - Off-side.
4:27 of 1st period - Brock Nelson wins face-off versus Paul Stastny in neutral zone.
4:48 of 1st period - Shot by Oliver Bjorkstrand.
4:48 of 1st period - Shot Blocked by Danny DeKeyser.
5:30 of 1st period - Shot by Ryan Dzingel.
5:30 of 1st period - Stopped by Braden Holtby with a rebound.
5:42 of 1st period - Shot by Michael Grabner.
5:42 of 1st period - Shot Misses the Net.
5:44 of 1st period - Shot by Josh Anderson.
5:44 of 1st period - Shot Misses the Net.
5:46 of 1st period - Shot by Michael Grabner.
5:46 of 1st period - Shot Misses the Net.
5:52 of 1st period - Shot by Nick Holden.
5:52 of 1st period - Stopped by Jake Allen with a rebound.
5:58 of 1st period - Shot by Kyle Turris.
5:58 of 1st period - Deflect By Michael Grabner.
5:58 of 1st period - Shot Misses the Net.
6:16 of 1st period - Shot by Alexander Kerfoot.
6:16 of 1st period - Stopped by Jake Allen without a rebound.
6:17 of 1st period - Jayce Hawryluk wins face-off versus Kevin Hayes in SAN JOSE zone.
6:38 of 1st period - Shot by Jayce Hawryluk.
6:38 of 1st period - Shot Misses the Net.
7:26 of 1st period - Icing by Jack Johnson.
7:27 of 1st period - Alexander Kerfoot wins face-off versus Jordan Weal in VEGAS zone.
7:32 of 1st period - Cody Ceci is hit by Max Comtois and loses puck.
8:33 of 1st period - Shot by Jakob Silfverberg.
8:33 of 1st period - Shot Misses the Net.
8:35 of 1st period - Shot by David Savard.
8:35 of 1st period - Stopped by Braden Holtby with a rebound.
9:16 of 1st period - MacKenzie Weegar is hit by Brock Nelson and loses puck.
9:23 of 1st period - Shot by Jon Merrill.
9:23 of 1st period - Shot Misses the Net.
9:25 of 1st period - Shot by Brian Boyle.
9:25 of 1st period - Stopped by Braden Holtby without a rebound.
9:26 of 1st period - Kevin Hayes wins face-off versus Alexander Kerfoot in VEGAS zone.
9:27 of 1st period - Shot by Chris Kreider.
9:27 of 1st period - Stopped by Braden Holtby without a rebound.
9:28 of 1st period - Ryan Dzingel wins face-off versus Alexander Kerfoot in VEGAS zone.
9:56 of 1st period - Shot by Jesper Fast.
9:56 of 1st period - Shot Misses the Net.
9:58 of 1st period - Shot by Brian Boyle.
9:58 of 1st period - Shot Misses the Net.
10:00 of 1st period - Shot by Jesper Fast.
10:00 of 1st period - Shot Misses the Net.
10:02 of 1st period - Shot by Brian Boyle.
10:02 of 1st period - Stopped by Braden Holtby without a rebound.
10:03 of 1st period - Oliver Bjorkstrand wins face-off versus Kevin Hayes in VEGAS zone.
10:36 of 1st period - Shot by Oliver Bjorkstrand.
10:36 of 1st period - Stopped by Jake Allen without a rebound.
10:37 of 1st period - Victor Rask wins face-off versus Paul Stastny in SAN JOSE zone.
10:47 of 1st period - Shot by David Savard.
10:47 of 1st period - Stopped by Braden Holtby without a rebound.
10:48 of 1st period - Ryan Dzingel wins face-off versus Kyle Turris in VEGAS zone.
11:05 of 1st period - Shot by Michael Grabner.
11:05 of 1st period - Shot Misses the Net.
11:07 of 1st period - Shot by Jack Johnson.
11:07 of 1st period - Stopped by Jake Allen without a rebound.
11:08 of 1st period - Brock Nelson wins face-off versus Rickard Rakell in SAN JOSE zone.
11:13 of 1st period - Shot by Sam Reinhart.
11:13 of 1st period - Shot Misses the Net.
11:15 of 1st period - Shot by Brock Nelson.
11:15 of 1st period - Shot Misses the Net.
11:17 of 1st period - Shot by Sam Reinhart.
11:17 of 1st period - Stopped by Jake Allen with a rebound.
11:28 of 1st period - Shot by Sam Reinhart.
11:28 of 1st period - Shot Misses the Net.
13:46 of 1st period - Victor Rask is hit by Danny DeKeyser and loses puck.
13:57 of 1st period - Shot by Jayce Hawryluk.
13:57 of 1st period - Shot Misses the Net.
14:23 of 1st period - Shot by Brock Nelson.
14:23 of 1st period - Goal by Brock Nelson - VEGAS : 2 - SAN JOSE : 0.
14:24 of 1st period - Kyle Turris wins face-off versus Ryan Dzingel in neutral zone.
14:24 of 1st period - Minor Penalty to Brian Boyle for Holding.
14:25 of 1st period - Brock Nelson wins face-off versus Chris Kreider in SAN JOSE zone.
14:30 of 1st period - Shot by Oliver Bjorkstrand.
14:30 of 1st period - Stopped by Jake Allen without a rebound.
14:31 of 1st period - Brock Nelson wins face-off versus Chris Kreider in SAN JOSE zone.
14:53 of 1st period - Off-side.
14:54 of 1st period - Chris Kreider wins face-off versus Kyle Turris in neutral zone.
15:25 of 1st period - Shot by Nikita Zadorov.
15:25 of 1st period - Shot Misses the Net.
16:20 of 1st period - Shot by Brock Nelson.
16:20 of 1st period - Stopped by Jake Allen without a rebound.
16:21 of 1st period - Chris Kreider wins face-off versus Brock Nelson in SAN JOSE zone.
16:47 of 1st period - Shot by Troy Terry.
16:47 of 1st period - Shot Blocked by MacKenzie Weegar.
18:03 of 1st period - Icing by Victor Rask.
18:04 of 1st period - Victor Rask wins face-off versus Kevin Hayes in VEGAS zone.
18:04 of 1st period - Jack Johnson is hit by Chris Kreider.
18:25 of 1st period - Brent Seabrook is hit by David Savard and loses puck.
19:01 of 1st period - Shot by Sam Reinhart.
19:01 of 1st period - Shot Misses the Net.
19:05 of 1st period - Shot by Brock Nelson.
19:05 of 1st period - Stopped by Jake Allen without a rebound.
19:06 of 1st period - Kyle Turris wins face-off versus Ryan Dzingel in SAN JOSE zone.
19:09 of 1st period - Shot by Michael Grabner.
19:09 of 1st period - Stopped by Jake Allen without a rebound.
19:10 of 1st period - Brock Nelson wins face-off versus Ryan Dzingel in SAN JOSE zone.
19:29 of 1st period - Shot by Jesper Fast.
19:29 of 1st period - Stopped by Braden Holtby without a rebound.
19:30 of 1st period - Kyle Turris wins face-off versus Kevin Hayes in VEGAS zone.
19:32 of 1st period - Icing by Slater Koekkoek.
19:33 of 1st period - Kyle Turris wins face-off versus Kevin Hayes in VEGAS zone.
19:38 of 1st period - Shot by Josh Anderson.
19:38 of 1st period - Shot Misses the Net.
Goals for this period are 2 for VEGAS vs 0 for SAN JOSE.
Shots for this period are 12 for VEGAS vs 9 for SAN JOSE.

2nd period


0:01 of 2nd period - Brock Nelson wins face-off versus Kevin Hayes in neutral zone.
0:29 of 2nd period - Shot by Chris Kreider.
0:29 of 2nd period - Shot Misses the Net.
0:31 of 2nd period - Shot by MacKenzie Weegar.
0:31 of 2nd period - Shot Blocked by Nikita Zadorov.
0:33 of 2nd period - Shot by Kevin Hayes.
0:33 of 2nd period - Goal by Kevin Hayes - VEGAS : 2 - SAN JOSE : 1.
0:34 of 2nd period - Ryan Dzingel wins face-off versus Kyle Turris in neutral zone.
0:40 of 2nd period - Off-side.
0:41 of 2nd period - Ryan Dzingel wins face-off versus Kyle Turris in neutral zone.
0:52 of 2nd period - Jesper Fast is hit by Josh Anderson and loses puck.
0:57 of 2nd period - Shot by Kyle Turris.
0:57 of 2nd period - Stopped by Jake Allen without a rebound.
0:58 of 2nd period - Brock Nelson wins face-off versus Chris Kreider in SAN JOSE zone.
1:17 of 2nd period - Icing by Dustin Brown.
1:18 of 2nd period - Kyle Turris wins face-off versus Kevin Hayes in SAN JOSE zone.
1:23 of 2nd period - Shot by Michael Grabner.
1:23 of 2nd period - Shot Misses the Net.
1:45 of 2nd period - Minor Penalty to Josh Anderson for Holding.
1:46 of 2nd period - Paul Stastny wins face-off versus Brock Nelson in VEGAS zone.
2:21 of 2nd period - Shot by Cody Ceci.
2:21 of 2nd period - Stopped by Braden Holtby without a rebound.
2:22 of 2nd period - Kevin Hayes wins face-off versus Brock Nelson in VEGAS zone.
2:27 of 2nd period - Shot by Ryan Pulock.
2:27 of 2nd period - Shot Misses the Net.
2:29 of 2nd period - Shot by David Savard.
2:29 of 2nd period - Stopped by Braden Holtby without a rebound.
2:30 of 2nd period - Kevin Hayes wins face-off versus Brock Nelson in VEGAS zone.
2:41 of 2nd period - Shot by Dustin Brown.
2:41 of 2nd period - Stopped by Braden Holtby without a rebound.
2:42 of 2nd period - Brock Nelson wins face-off versus Paul Stastny in VEGAS zone.
2:59 of 2nd period - Shot by Rickard Rakell.
2:59 of 2nd period - Shot Misses the Net.
3:25 of 2nd period - Jack Johnson is hit by Rickard Rakell and loses puck.
3:53 of 2nd period - Shot by Ryan Dzingel.
3:53 of 2nd period - Shot Misses the Net.
4:01 of 2nd period - Shot by Ryan Dzingel.
4:01 of 2nd period - Deflect By Jesper Fast.
4:01 of 2nd period - Shot Blocked by Slater Koekkoek.
4:03 of 2nd period - Shot by MacKenzie Weegar.
4:03 of 2nd period - Stopped by Braden Holtby without a rebound.
4:04 of 2nd period - Kevin Hayes wins face-off versus Mikhail Grigorenko in VEGAS zone.
4:11 of 2nd period - Shot by Kevin Hayes.
4:11 of 2nd period - Shot Blocked by Nick Holden.
4:13 of 2nd period - Shot by Dustin Brown.
4:13 of 2nd period - Stopped by Braden Holtby with a rebound.
4:15 of 2nd period - Shot by Kevin Hayes.
4:15 of 2nd period - Shot Misses the Net.
4:17 of 2nd period - Shot by Ryan Pulock.
4:17 of 2nd period - Shot Misses the Net.
4:19 of 2nd period - Shot by Ryan Pulock.
4:19 of 2nd period - Shot Misses the Net.
4:28 of 2nd period - Minor Penalty to Nikita Zadorov for Tripping.
4:29 of 2nd period - Brock Nelson wins face-off versus Jakob Silfverberg in VEGAS zone.
5:01 of 2nd period - Shot by Rickard Rakell.
5:01 of 2nd period - Shot Blocked by Jack Johnson.
5:03 of 2nd period - Shot by Jakob Silfverberg.
5:03 of 2nd period - Shot Blocked by Jack Johnson.
5:27 of 2nd period - Shot by David Savard.
5:27 of 2nd period - Shot Misses the Net.
5:29 of 2nd period - Shot by Kevin Hayes.
5:29 of 2nd period - Stopped by Braden Holtby without a rebound.
5:30 of 2nd period - Chris Kreider wins face-off versus Oliver Bjorkstrand in VEGAS zone.
6:42 of 2nd period - Shot by Devon Toews.
6:42 of 2nd period - Stopped by Jake Allen with a rebound.
7:15 of 2nd period - Icing by Jon Merrill.
7:16 of 2nd period - Ryan Dzingel wins face-off versus Victor Rask in SAN JOSE zone.
7:44 of 2nd period - Icing by Ryan Dzingel.
7:45 of 2nd period - Brock Nelson wins face-off versus Ryan Dzingel in SAN JOSE zone.
7:51 of 2nd period - Sam Reinhart is hit by MacKenzie Weegar and loses puck.
8:07 of 2nd period - Sam Reinhart is hit by Rickard Rakell.
10:30 of 2nd period - Shot by Troy Terry.
10:30 of 2nd period - Deflect By Alexander Kerfoot.
10:30 of 2nd period - Stopped by Jake Allen without a rebound.
10:31 of 2nd period - Brock Nelson wins face-off versus Ryan Dzingel in SAN JOSE zone.
10:32 of 2nd period - Shot by Oliver Bjorkstrand.
10:32 of 2nd period - Deflect By Brock Nelson.
10:32 of 2nd period - Shot Misses the Net.
10:36 of 2nd period - Shot by Brock Nelson.
10:36 of 2nd period - Shot Misses the Net.
10:38 of 2nd period - Shot by Nick Holden.
10:38 of 2nd period - Shot Misses the Net.
10:40 of 2nd period - Shot by Brock Nelson.
10:40 of 2nd period - Stopped by Jake Allen with a rebound.
10:44 of 2nd period - Shot by Brock Nelson.
10:44 of 2nd period - Shot Misses the Net.
10:52 of 2nd period - Shot by Brock Nelson.
10:52 of 2nd period - Shot Misses the Net.
10:54 of 2nd period - Shot by Brock Nelson.
10:54 of 2nd period - Stopped by Jake Allen without a rebound.
10:55 of 2nd period - Kevin Hayes wins face-off versus Mikhail Grigorenko in SAN JOSE zone.
11:48 of 2nd period - Shot by Brock Nelson.
11:48 of 2nd period - Stopped by Jake Allen with a rebound.
12:24 of 2nd period - Off-side.
12:25 of 2nd period - Rickard Rakell wins face-off versus Alexander Kerfoot in neutral zone.
12:34 of 2nd period - Shot by Devon Toews.
12:34 of 2nd period - Stopped by Jake Allen with a rebound.
12:38 of 2nd period - Shot by Max Comtois.
12:38 of 2nd period - Stopped by Jake Allen without a rebound.
12:39 of 2nd period - Kyle Turris wins face-off versus Ryan Dzingel in SAN JOSE zone.
13:18 of 2nd period - Shot by Kyle Turris.
13:18 of 2nd period - Shot Blocked by Jon Merrill.
13:27 of 2nd period - Off-side.
13:28 of 2nd period - Rickard Rakell wins face-off versus Brock Nelson in neutral zone.
14:16 of 2nd period - Icing by Sam Reinhart.
14:17 of 2nd period - Brock Nelson wins face-off versus Dustin Brown in VEGAS zone.
14:19 of 2nd period - Sam Reinhart is hit by Chris Kreider.
14:46 of 2nd period - Cody Ceci is hit by Alexander Kerfoot and loses puck.
15:31 of 2nd period - Shot by Jesper Fast.
15:31 of 2nd period - Stopped by Braden Holtby without a rebound.
15:32 of 2nd period - Paul Stastny wins face-off versus Victor Rask in VEGAS zone.
15:37 of 2nd period - Shot by Jakob Silfverberg.
15:37 of 2nd period - Stopped by Braden Holtby without a rebound.
15:38 of 2nd period - Sam Reinhart wins face-off versus Paul Stastny in VEGAS zone.
15:38 of 2nd period - Sam Reinhart is hit by Rickard Rakell.
15:44 of 2nd period - Shot by Brock Nelson.
15:44 of 2nd period - Shot Misses the Net.
15:48 of 2nd period - Shot by Brock Nelson.
15:48 of 2nd period - Shot Blocked by David Savard.
15:51 of 2nd period - Double Minor Penalty to David Savard for High sticking.
15:51 of 2nd period - Minor Penalty to Oliver Bjorkstrand for Interference.
15:52 of 2nd period - Kevin Hayes wins face-off versus Brock Nelson in SAN JOSE zone.
16:48 of 2nd period - Shot by Jakob Silfverberg.
16:48 of 2nd period - Shot Misses the Net.
16:50 of 2nd period - Shot by Jakob Silfverberg.
16:50 of 2nd period - Stopped by Braden Holtby without a rebound.
16:51 of 2nd period - Kyle Turris wins face-off versus Chris Kreider in VEGAS zone.
17:02 of 2nd period - Shot by Kyle Turris.
17:02 of 2nd period - Deflect By Matt Luff.
17:02 of 2nd period - Stopped by Jake Allen without a rebound.
17:03 of 2nd period - Chris Kreider wins face-off versus Matt Luff in SAN JOSE zone.
17:54 of 2nd period - Alexander Kerfoot is hit by Danny DeKeyser and loses puck.
17:57 of 2nd period - Shot by Brent Seabrook.
17:57 of 2nd period - Shot Blocked by Cody Ceci.
17:59 of 2nd period - Shot by Michael Grabner.
17:59 of 2nd period - Stopped by Jake Allen without a rebound.
18:00 of 2nd period - Brock Nelson wins face-off versus Dustin Brown in SAN JOSE zone.
18:06 of 2nd period - Shot by Jack Johnson.
18:06 of 2nd period - Shot Misses the Net.
18:47 of 2nd period - Off-side.
18:48 of 2nd period - Chris Kreider wins face-off versus Kyle Turris in neutral zone.
18:59 of 2nd period - Shot by Nikita Zadorov.
18:59 of 2nd period - Shot Misses the Net.
19:01 of 2nd period - Shot by Nikita Zadorov.
19:01 of 2nd period - Shot Misses the Net.
19:03 of 2nd period - Shot by Nick Holden.
19:03 of 2nd period - Shot Blocked by Cody Ceci.
19:05 of 2nd period - Shot by Nikita Zadorov.
19:05 of 2nd period - Shot Misses the Net.
19:07 of 2nd period - Shot by Nick Holden.
19:07 of 2nd period - Shot Misses the Net.
19:09 of 2nd period - Shot by Nikita Zadorov.
19:09 of 2nd period - Shot Misses the Net.
19:11 of 2nd period - Shot by Nick Holden.
19:11 of 2nd period - Shot Blocked by Ryan Dzingel.
19:13 of 2nd period - Shot by Nikita Zadorov.
19:13 of 2nd period - Deflect By Michael Grabner.
19:13 of 2nd period - Goal by Michael Grabner - VEGAS : 3 - SAN JOSE : 1.
19:14 of 2nd period - Alexander Kerfoot wins face-off versus Jordan Weal in neutral zone.
19:25 of 2nd period - Shot by Max Comtois.
19:25 of 2nd period - Stopped by Jake Allen without a rebound.
19:26 of 2nd period - Victor Rask wins face-off versus Paul Stastny in SAN JOSE zone.
19:45 of 2nd period - Jayce Hawryluk is hit by David Savard and loses puck.
19:56 of 2nd period - Shot by Paul Stastny.
19:56 of 2nd period - Stopped by Braden Holtby without a rebound.
19:57 of 2nd period - Kevin Hayes wins face-off versus Brock Nelson in VEGAS zone.
19:57 of 2nd period - Cody Ceci is hit by Jack Johnson and loses puck.
Goals for this period are 1 for VEGAS vs 1 for SAN JOSE.
Shots for this period are 12 for VEGAS vs 11 for SAN JOSE.

3rd period


0:01 of 3rd period - Kevin Hayes wins face-off versus Brock Nelson in neutral zone.
0:25 of 3rd period - Shot by Dustin Brown.
0:25 of 3rd period - Deflect By Kevin Hayes.
0:25 of 3rd period - Shot Blocked by Brent Seabrook.
0:55 of 3rd period - Shot by Jakob Silfverberg.
0:55 of 3rd period - Deflect By Paul Stastny.
0:55 of 3rd period - Stopped by Braden Holtby without a rebound.
0:56 of 3rd period - Ryan Dzingel wins face-off versus Kyle Turris in VEGAS zone.
1:00 of 3rd period - Brian Boyle is hit by Nikita Zadorov and loses puck.
1:14 of 3rd period - Josh Anderson is hit by MacKenzie Weegar and loses puck.
1:30 of 3rd period - Brian Boyle is hit by Nikita Zadorov and loses puck.
1:35 of 3rd period - Shot by Brian Boyle.
1:35 of 3rd period - Stopped by Braden Holtby without a rebound.
1:36 of 3rd period - Alexander Kerfoot wins face-off versus Paul Stastny in VEGAS zone.
1:36 of 3rd period - Alexander Kerfoot is hit by Jakob Silfverberg.
1:50 of 3rd period - Shot by Jakob Silfverberg.
1:50 of 3rd period - Shot Misses the Net.
1:52 of 3rd period - Shot by Rickard Rakell.
1:52 of 3rd period - Shot Misses the Net.
2:08 of 3rd period - Shot by Rickard Rakell.
2:08 of 3rd period - Shot Misses the Net.
2:42 of 3rd period - Shot by Chris Kreider.
2:42 of 3rd period - Shot Misses the Net.
2:44 of 3rd period - Shot by Kevin Hayes.
2:44 of 3rd period - Shot Misses the Net.
2:46 of 3rd period - Shot by Ryan Pulock.
2:46 of 3rd period - Shot Misses the Net.
2:52 of 3rd period - Shot by Kevin Hayes.
2:52 of 3rd period - Deflect By Dustin Brown.
2:52 of 3rd period - Shot Misses the Net.
3:20 of 3rd period - Shot by Ryan Dzingel.
3:20 of 3rd period - Shot Misses the Net.
3:57 of 3rd period - Brock Nelson is hit by Cody Ceci and loses puck.
4:01 of 3rd period - Icing by Cody Ceci.
4:02 of 3rd period - Kyle Turris wins face-off versus Jordan Weal in SAN JOSE zone.
4:19 of 3rd period - Shot by Jordan Weal.
4:19 of 3rd period - Shot Misses the Net.
4:58 of 3rd period - Shot by Paul Stastny.
4:58 of 3rd period - Stopped by Braden Holtby with a rebound.
5:39 of 3rd period - Off-side.
5:40 of 3rd period - Victor Rask wins face-off versus Kevin Hayes in neutral zone.
5:53 of 3rd period - Shot by Jayce Hawryluk.
5:53 of 3rd period - Shot Blocked by Jon Merrill.
6:08 of 3rd period - Shot by Victor Rask.
6:08 of 3rd period - Stopped by Jake Allen without a rebound.
6:09 of 3rd period - Ryan Dzingel wins face-off versus Kyle Turris in SAN JOSE zone.
6:09 of 3rd period - Ryan Dzingel is hit by Josh Anderson.
6:50 of 3rd period - Off-side.
6:51 of 3rd period - Brock Nelson wins face-off versus Kevin Hayes in neutral zone.
8:20 of 3rd period - Shot by Troy Terry.
8:20 of 3rd period - Shot Blocked by Jon Merrill.
8:22 of 3rd period - Shot by Nick Holden.
8:22 of 3rd period - Shot Misses the Net.
8:35 of 3rd period - Icing by MacKenzie Weegar.
8:36 of 3rd period - Paul Stastny wins face-off versus Kyle Turris in SAN JOSE zone.
8:52 of 3rd period - Icing by Brent Seabrook.
8:53 of 3rd period - Kevin Hayes wins face-off versus Kyle Turris in VEGAS zone.
9:02 of 3rd period - Shot by Kevin Hayes.
9:02 of 3rd period - Shot Hit the Post.
9:08 of 3rd period - Shot by David Savard.
9:08 of 3rd period - Shot Misses the Net.
9:14 of 3rd period - Shot by Josh Anderson.
9:14 of 3rd period - Shot Misses the Net.
9:16 of 3rd period - Shot by Michael Grabner.
9:16 of 3rd period - Shot Misses the Net.
9:18 of 3rd period - Shot by Michael Grabner.
9:18 of 3rd period - Stopped by Jake Allen without a rebound.
9:19 of 3rd period - Brock Nelson wins face-off versus Ryan Dzingel in SAN JOSE zone.
9:20 of 3rd period - Shot by Sam Reinhart.
9:20 of 3rd period - Shot Misses the Net.
9:25 of 3rd period - Icing by Ryan Dzingel.
9:26 of 3rd period - Brock Nelson wins face-off versus Ryan Dzingel in SAN JOSE zone.
9:26 of 3rd period - Brock Nelson is hit by Cody Ceci.
9:27 of 3rd period - Minor Penalty to Cody Ceci for Hooking.
9:28 of 3rd period - Chris Kreider wins face-off versus Brock Nelson in SAN JOSE zone.
10:03 of 3rd period - Shot by Oliver Bjorkstrand.
10:03 of 3rd period - Shot Blocked by Kevin Hayes.
10:05 of 3rd period - Shot by Nikita Zadorov.
10:05 of 3rd period - Shot Misses the Net.
10:07 of 3rd period - Shot by Sam Reinhart.
10:07 of 3rd period - Shot Blocked by Danny DeKeyser.
10:07 of 3rd period - Danny DeKeyser from SAN JOSE is injured at 10:07 of 3rd period (Bruised Left Arm).
10:08 of 3rd period - Dustin Brown wins face-off versus Kyle Turris in SAN JOSE zone.
10:16 of 3rd period - Off-side.
10:17 of 3rd period - Chris Kreider wins face-off versus Kyle Turris in neutral zone.
10:42 of 3rd period - Shot by Jack Johnson.
10:42 of 3rd period - Shot Misses the Net.
10:46 of 3rd period - Shot by Kyle Turris.
10:46 of 3rd period - Stopped by Jake Allen without a rebound.
10:47 of 3rd period - Brock Nelson wins face-off versus Dustin Brown in SAN JOSE zone.
11:12 of 3rd period - Shot by Sam Reinhart.
11:12 of 3rd period - Shot Blocked by David Savard.
11:39 of 3rd period - Shot by Ryan Dzingel.
11:39 of 3rd period - Stopped by Braden Holtby without a rebound.
11:40 of 3rd period - Kyle Turris wins face-off versus Paul Stastny in VEGAS zone.
14:01 of 3rd period - Icing by Nick Holden.
14:02 of 3rd period - Brock Nelson wins face-off versus Jordan Weal in VEGAS zone.
14:02 of 3rd period - Brock Nelson is hit by Ryan Carpenter.
14:18 of 3rd period - Shot by Corey Perry.
14:18 of 3rd period - Shot Misses the Net.
14:20 of 3rd period - Shot by Cody Ceci.
14:20 of 3rd period - Shot Hit the Post.
14:22 of 3rd period - Shot by Jordan Weal.
14:22 of 3rd period - Stopped by Braden Holtby without a rebound.
14:23 of 3rd period - Paul Stastny wins face-off versus Kyle Turris in VEGAS zone.
14:38 of 3rd period - Kyle Turris is hit by Jakob Silfverberg and loses puck.
14:51 of 3rd period - Shot by Michael Grabner.
14:51 of 3rd period - Stopped by Jake Allen with a rebound.
14:53 of 3rd period - Shot by Jack Johnson.
14:53 of 3rd period - Shot Misses the Net.
14:55 of 3rd period - Shot by Jack Johnson.
14:55 of 3rd period - Stopped by Jake Allen without a rebound.
14:56 of 3rd period - Victor Rask wins face-off versus Kevin Hayes in SAN JOSE zone.
15:00 of 3rd period - Icing by Cody Ceci.
15:01 of 3rd period - Brock Nelson wins face-off versus Kevin Hayes in SAN JOSE zone.
15:06 of 3rd period - Shot by Sam Reinhart.
15:06 of 3rd period - Stopped by Jake Allen with a rebound.
15:28 of 3rd period - Shot by Brock Nelson.
15:28 of 3rd period - Stopped by Jake Allen without a rebound.
15:29 of 3rd period - Paul Stastny wins face-off versus Kyle Turris in SAN JOSE zone.
17:06 of 3rd period - Michael Grabner is hit by David Savard and loses puck.
17:33 of 3rd period - Ryan Dzingel is hit by Nikita Zadorov and loses puck.
17:44 of 3rd period - Shot by Ryan Carpenter.
17:44 of 3rd period - Stopped by Braden Holtby with a rebound.
17:46 of 3rd period - Shot by Jordan Weal.
17:46 of 3rd period - Deflect By Corey Perry.
17:46 of 3rd period - Stopped by Braden Holtby without a rebound.
17:47 of 3rd period - Jordan Weal wins face-off versus Alexander Kerfoot in VEGAS zone.
17:58 of 3rd period - Shot by Corey Perry.
17:58 of 3rd period - Stopped by Braden Holtby with a rebound.
18:00 of 3rd period - Shot by Cody Ceci.
18:00 of 3rd period - Stopped by Braden Holtby without a rebound.
18:01 of 3rd period - Paul Stastny wins face-off versus Victor Rask in VEGAS zone.
18:02 of 3rd period - Shot by Jakob Silfverberg.
18:02 of 3rd period - Stopped by Braden Holtby without a rebound.
18:03 of 3rd period - Kevin Hayes wins face-off versus Alexander Kerfoot in VEGAS zone.
18:04 of 3rd period - Shot by Chris Kreider.
18:04 of 3rd period - Shot Blocked by Devon Toews.
18:06 of 3rd period - Shot by Kevin Hayes.
18:06 of 3rd period - Shot Misses the Net.
18:08 of 3rd period - Shot by Cody Ceci.
18:08 of 3rd period - Shot Misses the Net.
18:10 of 3rd period - Shot by Jon Merrill.
18:10 of 3rd period - Shot Misses the Net.
18:22 of 3rd period - Shot by Dustin Brown.
18:22 of 3rd period - Shot Blocked by Devon Toews.
18:24 of 3rd period - Shot by Cody Ceci.
18:24 of 3rd period - Shot Blocked by Devon Toews.
18:30 of 3rd period - Shot by Kevin Hayes.
18:30 of 3rd period - Stopped by Braden Holtby without a rebound.
18:31 of 3rd period - Paul Stastny wins face-off versus Brock Nelson in VEGAS zone.
18:34 of 3rd period - Shot by Paul Stastny.
18:34 of 3rd period - Stopped by Braden Holtby without a rebound.
18:35 of 3rd period - Paul Stastny wins face-off versus Brock Nelson in VEGAS zone.
18:50 of 3rd period - Jakob Silfverberg is hit by Brock Nelson and loses puck.
18:58 of 3rd period - Off-side.
18:59 of 3rd period - Kevin Hayes wins face-off versus Alexander Kerfoot in neutral zone.
18:59 of 3rd period - Dustin Brown is hit by Max Comtois and loses puck.
19:10 of 3rd period - Shot by Max Comtois.
19:10 of 3rd period - Shot Blocked by Jon Merrill.
19:29 of 3rd period - Shot by Troy Terry.
19:29 of 3rd period - Shot Misses the Net.
19:31 of 3rd period - Shot by Alexander Kerfoot.
19:31 of 3rd period - Shot Misses the Net.
19:50 of 3rd period - Shot by Sam Reinhart.
19:50 of 3rd period - Stopped by Jake Allen without a rebound.
19:51 of 3rd period - Kyle Turris wins face-off versus Ryan Dzingel in SAN JOSE zone.
19:55 of 3rd period - Kyle Turris is hit by David Savard and loses puck.
Goals for this period are 0 for VEGAS vs 0 for SAN JOSE.
Shots for this period are 8 for VEGAS vs 12 for SAN JOSE.